 Dungeon Crawl Stone Soup version 0.30.1-9-gdf580d7c3d (webtiles) character file.

Game seed: 16461488529520222797

11645 Gladio the Cleaver (level 11, -7/99 HPs)
             Began as a Hill Orc Fighter on Oct 16, 2023.
             Was a Priest of Beogh.
             Killed from afar by an electric eel (8 damage)
             ... with a bolt of electricity
             ... on level 10 of the Dungeon.
             The game lasted 00:24:23 (11688 turns).

Gladio the Cleaver (Hill Orc Fighter)              Turns: 11688, Time: 00:24:24

Health: -7/99      AC: 16    Str: 24    XL:     11   Next: 81%
Magic:  18/18      EV:  7    Int:  8    God:    Beogh [***...]
Gold:   629        SH:  6    Dex: 10    Spells: 10/10 levels left

rFire   . . .        D - +2 broad axe (elec)
rCold   . . .        c - +0 buckler
rNeg    . . .        H - +0 plate armour
rPois   .            E - +1 helmet
rElec   .            (no cloak)
rCorr   .            (no gloves)
SInv    .            (no boots)
Will    +....        (no amulet) Stlth
                     s - ring of willpower
HPRegen 0.36/turn    (no ring)
MPRegen 0.16/turn

%: no passive effects
@: no status effects
A: no striking features
a: Renounce Religion, Smiting


You were on level 10 of the Dungeon.
You worshipped Beogh.
Beogh was most pleased with you.
You visited 1 branch of the dungeon, and saw 10 of its levels.

You collected 629 gold pieces.

Inventory:

Hand Weapons
 a - a +0 war axe
 d - a +1 war axe
 D - a +2 broad axe of electrocution (weapon)
Missiles
 o - 13 poisoned darts
 q - 4 throwing nets (quivered)
 J - 3 curare-tipped darts
Armour
 b - a +0 scale mail
 c - a +0 buckler (worn)
 h - a +0 chain mail
 B - a +2 hat
 E - a +1 helmet (worn)
 H - a +0 plate armour (worn)
Jewellery
 k - a +4 ring of slaying
 s - a ring of willpower (left hand)
 F - a ring of wizardry
Wands
 t - a wand of roots (5)
 w - a wand of digging (5)
Scrolls
 e - 2 scrolls of immolation
 i - 2 scrolls of teleportation
 m - 3 scrolls of fog
 n - a scroll of enchant armour {unknown}
 p - 2 scrolls of vulnerability {unknown}
 r - a scroll of fear {unknown}
 u - 2 scrolls of noise
 y - 2 scrolls of magic mapping {unknown}
 A - a scroll of butterflies {unknown}
 C - a scroll of amnesia {unknown}
Potions
 f - 2 potions of curing
 g - 2 potions of lignification
 j - a potion of heal wounds
 l - 3 potions of attraction
 v - 2 potions of flight
 x - a potion of brilliance {unknown}
 z - 2 potions of mutation
 G - a potion of haste {unknown}
 I - a potion of ambrosia {unknown}


   Skills:
 + Level 9.9 Fighting
 * Level 14.1 Axes
 + Level 9.0 Armour
 + Level 9.0 Shields
 + Level 9.4 Invocations


You had 10 spell levels left.
You didn't know any spells.
Your spell library contained the following spells:

 Spells                   Type           Power      Damage    Failure   Level
 Kiss of Death            Conj/Necr      0%         2d5       99%         1
 Shock                    Conj/Air       0%         1d3       99%         1
 Ensorcelled Hibernation  Hex/Ice        0%         N/A       100%        2
 Passwall                 Tmut/Erth      0%         N/A       100%        2
 Static Discharge         Conj/Air       0%         2-2/arc   100%        2
 Confusing Touch          Hex            0%         N/A       100%        3
 Gell's Gravitas          Tloc           0%         N/A       100%        3
 Ozocubu's Armour         Ice            0%         N/A       100%        3
 Swiftness                Air            0%         N/A       100%        3
 Teleport Other           Tloc           0%         N/A       100%        3
 Volatile Blastmotes      Fire/Tloc      0%         2d10      100%        3
 Airstrike                Air            0%         2d(0-16)  100%        4
 Dispel Undead            Necr           0%         3d6       100%        4
 Fulminant Prism          Conj/Hex       0%         3d5       100%        4
 Iskenderun's Mystic Bla  Conj/Tloc      0%         2d3       100%        4
 Summon Lightning Spire   Summ/Air       0%         N/A       100%        4
 Lee's Rapid Deconstruct  Erth           0%         3d4*      100%        5
 Dispersal                Tloc           0%         N/A       100%        6
 Ozocubu's Refrigeration  Ice            0%         4d7       100%        7


Dungeon Overview and Level Annotations

Branches:
Dungeon (10/15)            Temple (0/1) D:6            Lair (0/5) D:10
    Orc: D:9-12

Altars:
Elyvilon
Makhleb
Uskayaw
Yredelemnul

Shops:
D:1 *   D:8 :

Annotations:
D:3 2 transporters, Heoruswealwe's ghost, amateur DECj


Message History

Found 7 gold pieces.
You miss the electric eel.
The electric eel shoots out a bolt of lightning at you!
The bolt of electricity hits the electric eel.
The electric eel completely resists.
The bolt of electricity hits you. The bolt of electricity hits you!
The bolt of electricity hits the electric eel.
The electric eel completely resists.
The electric eel shoots out a bolt of lightning at you!
The bolt of electricity hits you! x2
The bolt of electricity hits the electric eel.
The electric eel completely resists.
The bolt of electricity hits the electric eel.
The electric eel completely resists.
You miss the electric eel.
The electric eel shoots out a bolt of lightning at you!
The bolt of electricity hits you! x2
* * * LOW HITPOINT WARNING * * *
The bolt of electricity misses the electric eel.
The bolt of electricity hits the electric eel.
The electric eel completely resists.
The electric eel shoots out a bolt of lightning at you!
The bolt of electricity hits you.
* * * LOW HITPOINT WARNING * * *
The electric eel shoots out a bolt of lightning at you!
The bolt of electricity hits you!
* * * LOW HITPOINT WARNING * * *
The bolt of electricity misses you.
The bolt of electricity hits the electric eel.
The electric eel completely resists.
The electric eel shoots out a bolt of lightning at you!
The bolt of electricity hits you!
* * * LOW HITPOINT WARNING * * *
The electric eel shoots out a bolt of lightning at you!
The bolt of electricity hits you.
* * * LOW HITPOINT WARNING * * *
There is a stone staircase leading up, spattered with blood here.
The electric eel shoots out a bolt of lightning at you!
The bolt of electricity hits you!
You die...

#..... #.. ###.....## ...
.....( .. .........###..
.....#.. ..........##.#
.....#. ~.~≈..~~..##.#
#...(( ~.~~~~~^.. ..#
#.#..########
~.~≈~.~~.###.#.#.#..#.......
~.~~~~.....@..?..#..#.......
~.~~≈....####...$..........
~.~~~~S..# #...........##. #
~...≈≈S.[.........(....# .
..~~≈≈≈~..........(....#
...~≈≈≈≈≈..............#
...~~≈≈≈≈..............#####
.>..~≈≈≈~....>..............
$..~~≈≈≈~...................


You could see an electric eel.

Vanquished Creatures
  Sonja (D:9)
  Pikel (D:6)
  An unseen horror (D:7)
  Maggie (D:7)
  A tengu conjurer (D:7)
  3 trolls
  A shadow (D:10)
  A wraith (D:9)
  27 yaks
  A basilisk (D:8)
  A steam dragon (D:7)
  Duvessa (D:7)
  A water moccasin (D:7)
  2 black bears (D:6)
  3 ice beasts
  2 wolves (D:9)
  5 centaurs
  2 kobold brigands (D:9)
  A bullfrog (D:8)
  A gnoll sergeant (D:9)
  3 scorpions
  15 wights
  Dowan (D:7)
  4 killer bees (D:8)
  4 howler monkeys (D:9)
  A jelly (D:6)
  2 gnoll boudas
  6 hounds
  9 orc priests
  3 iguanas
  12 orc wizards
  11 gnolls
  9 adders
  2 white imps (D:6)
  3 ufetubi
  3 worms (D:2)
  A dart slug (D:1)
  37 orcs
  4 endoplasms
  5 giant cockroaches
  3 goblins
  8 hobgoblins
  7 jackals (D:5)
  4 quokkas
  8 ball pythons
  2 bats (D:1)
  3 frilled lizards
  16 kobolds
  4 rats
247 creatures vanquished.

Vanquished Creatures (collateral kills)
  2 slime creatures (D:9)
  3 yaks (D:9)
  An orc warrior (D:9)
  An ogre (D:9)
  3 gnolls (D:9)
  8 orcs (D:9)
  3 kobolds (D:9)
21 creatures vanquished.

Vanquished Creatures (others)
  An orc knight (D:9)
  An orc wizard (D:9)
  A sleepcap (D:4)
  11 orcs (D:9)
14 creatures vanquished.

Grand Total: 282 creatures vanquished

Notes
Turn   | Place    | Note
-------+----------+-------------------------------------------
     0 | D:1      | Gladio the Hill Orc Fighter began the quest for the Orb.
     0 | D:1      | Reached XP level 1. HP: 19/19 MP: 1/1
   108 | D:1      | Reached skill level 3 in Axes
   114 | D:1      | Reached XP level 2. HP: 26/27 MP: 2/2
   257 | D:1      | Found Ropafra's General Store.
   444 | D:1      | Reached XP level 3. HP: 28/33 MP: 3/3
   771 | D:2      | Reached skill level 4 in Axes
   836 | D:2      | Reached XP level 4. HP: 30/40 MP: 4/4
  1286 | D:2      | You fall into a shaft and drop 2 floors!
  1393 | D:4      | Reached XP level 5. HP: 15/47 MP: 5/5
  1735 | D:3      | Found a transporter.
  1748 | D:3      | Found a transporter.
  1754 | D:3      | Noticed Heoruswealwe's ghost (amateur DECj)
  2106 | D:3      | Reached skill level 5 in Axes
  2555 | D:4      | Became a worshipper of Beogh the Brigand
  3020 | D:5      | Entered Level 5 of the Dungeon
  3111 | D:5      | Reached XP level 6. HP: 51/55 MP: 6/6
  3168 | D:5      | Reached skill level 1 in Invocations
  3290 | D:5      | Reached skill level 5 in Fighting
  3290 | D:5      | Reached skill level 6 in Axes
  4099 | D:6      | Found a staircase to the Ecumenical Temple.
  4203 | D:5      | Reached XP level 7. HP: 52/61 MP: 8/8
  4339 | D:6      | Noticed Pikel
  4359 | D:6      | Killed Pikel
  4360 | D:6      | Reached skill level 7 in Axes
  4360 | D:6      | Reached skill level 5 in Armour
  4360 | D:6      | Reached skill level 5 in Shields
  4360 | D:6      | Reached XP level 8. HP: 29/70 MP: 8/10
  4541 | D:6      | Reached skill level 8 in Axes
  5184 | D:6      | Reached skill level 9 in Axes
  5184 | D:6      | Reached XP level 9. HP: 78/78 MP: 12/12
  5345 | D:6      | Reached * piety under Beogh
  5353 | D:6      | Reached skill level 5 in Invocations
  5899 | D:7      | Noticed Duvessa
  5899 | D:7      | Noticed Dowan
  5906 | D:7      | Killed Duvessa
  5906 | D:7      | Killed Dowan
  6149 | D:7      | Noticed Maggie
  6172 | D:7      | Killed Maggie
  6173 | D:7      | Reached skill level 10 in Axes
  7716 | D:8      | Reached XP level 10. HP: 60/88 MP: 14/14
  7717 | D:8      | Reached skill level 11 in Axes
  7926 | D:8      | Reached ** piety under Beogh
  8197 | D:7      | Killed an unseen horror
  8488 | D:8      | Reached skill level 12 in Axes
  8867 | D:8      | Found Ecrupt's Book Boutique.
  9368 | D:9      | Reached *** piety under Beogh
  9521 | D:9      | Reached XP level 11. HP: 95/95 MP: 17/17
  9925 | D:9      | Reached skill level 13 in Axes
 10060 | D:9      | Reached **** piety under Beogh
 10456 | D:9      | Found a hide-covered altar of Uskayaw.
 10511 | D:9      | Found a white marble altar of Elyvilon.
 10512 | D:9      | Found a basalt altar of Yredelemnul.
 10513 | D:9      | Found a burning altar of Makhleb.
 10630 | D:10     | Entered Level 10 of the Dungeon
 10652 | D:10     | Noticed Sonja
 11347 | D:10     | Reached skill level 14 in Axes
 11484 | D:9      | Killed Sonja
 11680 | D:10     | Found a staircase to the Lair.
 11685 | D:10     | HP: 4/99 [electric eel/bolt of electricity (11)]
 11687 | D:10     | HP: 1/99 [electric eel/bolt of electricity (4)]
 11688 | D:10     | Killed from afar by an electric eel

Illustrated notes

Levels and vault maps discovered:
D:1:      evilmike_arrival_crescent, layout_basic, serial_shops, shop
D:2:      layout_basic
D:3:      layout_rooms, gammafunk_ghost_arena
D:4:      layout_loops_corners, kennysheep_generic_room_11
D:5:      layout_basic, serial_glass, glass_columns_a, glass_columns_c,
          glass_columns_b, glass_columns_a, minmay_parallelograms,
          corexii_leaking_fountain
D:6:      layout_gridville, minmay_temple_entry_gardened_gates, uniq_pikel
D:7:      layout_layer_cave, uniq_maggie, uniq_duvessa
D:8:      hangedman_cross_stitches, layout_cave_pools, serial_shops,
          nicolae_book_shop_shelving
D:9:      layout_basic, mainiacjoe_overflow_alcove_3, special_room
          [special_room_orc]
D:10:     layout_rooms, erik_lair_island, hangedman_decor_slide_cut, uniq_sonja

Skill      XL: |  1  2  3  4  5  6  7  8  9 10 11 |
---------------+----------------------------------+-----
Axes           | 3 4 5 6 7 9 10 12 14 | 14.1
Fighting       | 4 5 6 7 8 9 |  9.9
Armour         | 4 5 6 7 8 9 |  9.0
Shields        | 4 5 6 7 8 9 |  9.0
Invocations    | 1 3 4 6 8 9 |  9.4

Action                     |  1- 3 |  4- 6 |  7- 9 | 10-12 || total
---------------------------+-------+-------+-------+-------++-------
  Melee: War axe           |   113 |   202 |   151 |       ||   466
         Broad axe         |       |       |    36 |   270 ||   306
  Throw: Dart              |       |     6 |     8 |     6 ||    20
         Throwing net      |       |       |       |     1 ||     1
 Invoke: Convert to Beogh  |       |     1 |       |       ||     1
         Smiting           |       |       |       |     3 ||     3
         Recall Orcish Fol |       |       |       |     1 ||     1
  Evoke: Wand              |       |       |     3 |     2 ||     5
    Use: Potion            |       |     3 |     4 |     6 ||    13
         Scroll            |       |     8 |     2 |     3 ||    13
   Stab: Distracted        |       |       |       |     1 ||     1
 Armour: Scale mail        |    11 |       |       |       ||    11
         Chain mail        |    49 |    98 |   102 |   138 ||   387
         Plate armour      |       |       |       |    86 ||    86
  Dodge: Dodged            |    44 |    75 |    85 |   120 ||   324
  Block: Buckler           |    20 |    45 |    50 |    94 ||   209
